 Dungeon Sprint DCSS version 0.24-a0-243-g8f5f5cd (webtiles) character file.

Game seed: 3401559365525431343

173 MikeHunt the Thrower (level 5, -8/50 HPs)
             Began as an Ogre Hunter on Apr 9, 2019.
             Was a Follower of Cheibriados.
             Mangled by a spriggan
             ... wielding a +0 dagger
              (10 damage)
             ... in the Dungeon (Sprint IV: "Fedhas' Mad Dash").
             The game lasted 00:03:18 (349 turns).

MikeHunt the Thrower (Ogre Hunter)                   Turns: 349, Time: 00:03:18

Health: -8/50      AC:  3    Str: 14    XL:     5   Next: 53%
Magic:  8/8        EV: 11    Int: 14    God:    Cheibriados [*.....]
Gold:   81         SH:  0    Dex: 12    Spells: 4/4 levels left

rFire    + . .     SeeInvis .   o - +6 rapier "Cuip" {pierce, rElec rF+ rC++ Str-4}
rCold    + + .     Gourm    .   (no shield)
rNeg     . . .     Faith    .   b - +0 robe
rPois    .         Spirit   .   (helmet restricted)
rElec    +         Reflect  .   (no cloak)
rCorr    .         Harm     .   (gloves unavailable)
MR       .....     NoTele   +   (boots unavailable)
Stlth    +.........             m - amulet of invisibility {+Inv}
HPRegen  0.16/turn              (no ring)
MPRegen  0.11/turn              (no ring)

@: very slow
A: large, unfitting armour, tough skin 1
a: Bend Time, Renounce Religion, Evoke Invisibility


You were in the Dungeon.
You worshipped Cheibriados.
Cheibriados was aware of your devotion.
You were not hungry.

You visited 1 branch You collected 81 gold pieces.

Inventory:

Hand Weapons
 a - a +0 short sword
 o - the +6 rapier "Cuip" (weapon) {pierce, rElec rF+ rC++ Str-4}
   (You found it in the Dungeon)

   It inflicts extra damage upon your enemies.
   It affects your strength (-4).
   It protects you from fire.
   It greatly protects you from cold.
   It insulates you from electricity.
Missiles
 d - 2 throwing nets (quivered)
 l - 27 stones
 p - 27 bolts
Armour
 b - a +0 robe (worn)
Jewellery
 m - the amulet of invisibility (around neck) {+Inv}
   (You found it in the Dungeon)

   [amulet of nothing]

   It lets you turn invisible.
Scrolls
 k - a scroll of blinking
Potions
 e - a potion of curing
 h - a potion of haste
 i - 2 potions of magic
 j - a potion of berserk rage
Comestibles
 f - a ration


   Skills:
 - Level 2.6 Fighting
 - Level 8.5 Throwing
 + Level 3.9 Dodging
 - Level 0.6 Stealth
 + Level 4.0 Invocations
 - Level 4.4 Evocations


You had 4 spell levels left.
You didn't know any spells.
Your spell library was empty.

Dungeon Overview and Level Annotations

Branches:
Dungeon (1/1)

Altars:
Cheibriados
Dithmenos
Elyvilon
Gozag
Hepliaklqana
Kikubaaqudgha
Makhleb
Nemelex Xobeh
Okawaru
Qazlal
Ru
Sif Muna
Trog
Uskayaw
Vehumet
Wu Jian
Xom
Yredelemnul
Zin
The Shining One
Beogh
Jiyva
Lugonu


Innate Abilities, Weirdness & Mutations

You are too large for most types of armour.
You have tough skin. (AC +1)


Message History

The spriggan closely misses you.
Throwing (i - inventory. (/) - cycle)
c - 2 large rocks (quivered)
Press: ? - help, Shift-Dir - straight line, f/p - spriggan
Aim: a spriggan, wielding a +0 dagger and wearing a +0 robe You throw a large rock.
The large rock misses the spriggan.
The spriggan hits you with a cursed -2 short sword.
The spriggan hits you with a +0 dagger.
* * * LOW HITPOINT WARNING * * *
The spriggan barely misses you.
Throwing (i - inventory. (/) - cycle)
c - a large rock (quivered)
Press: ? - help, Shift-Dir - straight line, f/p - spriggan
Aim: a spriggan, wielding a +0 dagger and wearing a +0 robe You throw a large rock.
The large rock barely misses the spriggan.
The spriggan hits you with a +0 dagger.
* * * LOW HITPOINT WARNING * * *
The spriggan hits you with a cursed -2 short sword!
* * * LOW HITPOINT WARNING * * *
The spriggan hits you with a +0 dagger!
You die...

######################
#.⌠._._._._.⌠.#.ii$..#
'.._._._._._..'.@#$..#
#..._._._._...#..###+#
#.._._._._._..#..#
#._._._._._.⌠.####
############### #


You could see 2 spriggans.

Vanquished Creatures
  4 oklob saplings (D)
  A worker ant (D)
  A river rat (D)
  A rat (D)
7 creatures vanquished.

Notes
Turn   | Place    | Note
-------+----------+-------------------------------------------
     0 | D        | MikeHunt the Ogre Hunter began the quest for the Orb.
     0 | D        | Reached XP level 1. HP: 22/22 MP: 1/1
     7 | D        | Reached skill level 5 in Throwing
     7 | D        | Reached XP level 2. HP: 29/29 MP: 2/2
    26 | D        | Noticed an oklob sapling
    27 | D        | Killed an oklob sapling
    27 | D        | Reached skill level 7 in Throwing
    27 | D        | Reached XP level 3. HP: 36/36 MP: 3/3
    33 | D        | Found the amulet of invisibility {+Inv}
    33 | D        | Reached skill level 8 in Throwing
    33 | D        | Reached XP level 4. HP: 44/44 MP: 4/4
    52 | D        | Found an opulent altar of Gozag.
    52 | D        | Found a hazy altar of Hepliaklqana.
    52 | D        | Found a burning altar of Makhleb.
    52 | D        | Found a sparkling altar of Nemelex Xobeh.
    52 | D        | Found a sacrificial altar of Ru.
    52 | D        | Found a deep blue altar of Sif Muna.
    52 | D        | Found an ornate altar of the Wu Jian Council.
    52 | D        | Found a shimmering altar of Xom.
    52 | D        | Found a basalt altar of Yredelemnul.
    61 | D        | Found a viscous altar of Jiyva.
    61 | D        | Found a roughly hewn altar of Beogh.
    61 | D        | Found a snail-covered altar of Cheibriados.
    61 | D        | Found a bloodstained altar of Trog.
    61 | D        | Noticed an oklob sapling priest
    65 | D        | Killed an oklob sapling priest
    66 | D        | Found an iron altar of Okawaru.
    66 | D        | Found a glowing silver altar of Zin.
    66 | D        | Found a shadowy altar of Dithmenos.
    67 | D        | Found a hide-covered altar of Uskayaw.
    67 | D        | Found an ancient bone altar of Kikubaaqudgha.
    69 | D        | Found a glowing golden altar of the Shining One.
    69 | D        | Found a stormy altar of Qazlal.
    69 | D        | Found a white marble altar of Elyvilon.
    70 | D        | Found a radiant altar of Vehumet.
    70 | D        | Found a corrupted altar of Lugonu.
    83 | D        | Became a worshipper of Cheibriados the Contemplative
   114 | D        | Reached XP level 5. HP: 50/50 MP: 5/8
   122 | D        | Got a crude rapier
   123 | D        | Identified the +6 rapier "Cuip" {pierce, rElec rF+ rC++
                  | Str-4} (You found it in the Dungeon)
   147 | D        | Reached * piety under Cheibriados
   349 | D        | HP: 2/50 [spriggan/cursed -2 short sword (11)]
   349 | D        | Mangled by a spriggan

Levels and vault maps discovered:
D:        dungeon_sprint_fedhas [sprint_temple]

Skill      XL: |  1  2  3  4  5 |
---------------+----------------+-----
Throwing       | 5 7 8 |  8.5
Evocations     | 4 |  4.4
Dodging        | 3 |  3.9
Invocations    | 2 4 |  4.0
Fighting       | |  2.6
Stealth        | |  0.6

Action                   |  1- 3 |  4- 6 || total
-------------------------+-------+-------++-------
Melee: Short sword       |     6 |       ||     6
Throw: Large rock        |     6 |    14 ||    20
 Abil: Evoke Invisibilit |       |     2 ||     2
  Use: Potion            |       |     1 ||     1
Armor: Robe              |     2 |       ||     2
Dodge: Dodged            |     3 |     5 ||     8

Table legend:
 A = Non-vault XP
 B = Vault XP
 C = Vault XP percentage of total XP
 D = Non-vault monster count
 E = Vault monster count
 F = Vault count percentage of total count
                 A         B        C        D         E       F
            +---------+---------+-------+---------+---------+-------
      Total |       0 |     248 | 100.0 |       0 |       7 | 100.0
            +---------+---------+-------+---------+---------+-------
          D |       0 |     248 | 100.0 |       0 |       7 | 100.0
            +---------+---------+-------+---------+---------+-------
